 Dungeon Crawl Stone Soup version 0.19.1 (webtiles) character file.

6631 ImaNewbie the Skirmisher (level 10, -5/86 HPs)
             Began as a Pale Draconian Wizard on Dec 1, 2016.
             Was a Believer of Vehumet.
             Killed from afar by Mandevil's ghost (31 damage)
             ... with a freezing blast
             ... on level 1 of the Orcish Mines.
             The game lasted 00:58:40 (12704 turns).

ImaNewbie the Skirmisher (Pale Draconian Wizard)   Turns: 12704, Time: 00:58:40

Health: -5/86      AC:  9    Str:  9    XL:     10   Next: 72%
Magic:  3/29       EV: 12    Int: 22    God:    Vehumet [**....]
Gold:   526        SH:  0    Dex: 10    Spells: 10 memorised, 0 levels left

rFire  . . .     SeeInvis .     k - +2 short sword (speed)
rCold  . . .     Gourm    +     (armour unavailable)
rNeg   . . .     Faith    .     (no shield)
rPois  +         Spirit   .     a - +1 hat
rElec  .         Reflect  .     (no cloak)
rCorr  .         Harm     .     L - +0 pair of gloves (curse)
MR     .....                    (no boots)
Stlth  ++........               d - amulet of the gourmand
                                E - ring of poison resistance
                                u - ring of magical power

@: lethally poisoned (-5 -> -10), repel missiles
A: breathe steam, unfitting armour, cold-blooded, AC +7
a: Breathe Steam, Renounce Religion


You were on level 1 of the Orcish Mines.
You worshipped Vehumet.
Vehumet was pleased with you.
You were very full.

You visited 4 branches of the dungeon, and saw 12 of its levels.

You collected 526 gold pieces.

Inventory:

Hand Weapons
 g - a +0 spear
 k - a +2 short sword of speed (weapon)
 l - a +2 hand axe of freezing
Missiles
 h - 26 poisoned needles
Armour
 a - a +1 hat (worn)
 y - a +2 shield
 L - a cursed +0 pair of gloves (worn)
Jewellery
 d - an amulet of the gourmand (around neck)
 o - a cursed amulet of inaccuracy {unknown}
 u - a ring of magical power (left hand)
 E - a ring of poison resistance (right hand)
 Q - an uncursed amulet of magic regeneration {unknown}
Wands
 v - a wand of iceblast (11/15)
 x - a wand of flame (14/48)
 T - a wand of polymorph (12/24)
Scrolls
 f - 3 scrolls of remove curse
 i - 2 scrolls of enchant weapon
 m - 2 scrolls of fog
 q - a scroll of recharging
 G - a scroll of blinking
 H - a scroll of teleportation
 M - a scroll of amnesia
 R - 2 scrolls of identify
Potions
 e - 2 potions of resistance
 j - 3 potions of curing
 s - a potion of cancellation
 w - a potion of brilliance
 A - 2 potions of haste
 B - 2 potions of invisibility
 C - 3 potions of agility
 I - a potion of experience {unknown}
 J - a potion of degeneration {unknown}
 K - 3 potions of might
 N - 2 potions of lignification {unknown}
 P - 2 potions of heal wounds
 U - a potion of flight {unknown}
Books
 b - a book of Minor Magic

   Spells                             Type                      Level
   a - Magic Dart                     Conjuration                  1
   b - Blink                          Translocation                2
   c - Call Imp                       Summoning                    2
   d - Repel Missiles                 Charms/Air                   2
   e - Slow                           Hexes                        2
   f - Conjure Flame                  Conjuration/Fire             3
   g - Mephitic Cloud                 Conjuration/Poison/Air       3
 r - the Collected Works on Bewitchment and Heat
   (You found it on level 8 of the Dungeon)

   Spells                             Type                      Level
   a - Ensorcelled Hibernation        Hexes/Ice                    2
   b - Dazzling Spray                 Conjuration/Hexes            3
   c - Inner Flame                    Hexes/Fire                   3
 O - a book of Cantrips

   Spells                             Type                      Level
   a - Confusing Touch                Hexes                        1
   b - Animate Skeleton               Necromancy                   1
   c - Summon Small Mammal            Summoning                    1
   d - Apportation                    Translocation                1
 S - a book of Maledictions

   Spells                             Type                      Level
   a - Corona                         Hexes                        1
   b - Ensorcelled Hibernation        Hexes/Ice                    2
   c - Confuse                        Hexes                        3
   d - Tukima's Dance                 Hexes                        3
   e - Dazzling Spray                 Conjuration/Hexes            3
Miscellaneous
 V - a box of beasts
Comestibles
 c - 7 bread rations
 p - 2 beef jerkies
 t - 5 fruits
 z - 4 meat rations
 D - 2 royal jellies
 F - a slice of pizza


   Skills:
 - Level 7.1 Fighting
 - Level 1.7 Dodging
 - Level 1.7 Stealth
 - Level 7.1 Spellcasting
 - Level 5.8 Conjurations
 + Level 6.4 Hexes
 - Level 4.6 Summonings
   Level 1.0 Translocations
 - Level 6.6 Fire Magic
 - Level 6.0 Air Magic


You couldn't memorise any spells.
You knew the following spells:

 Your Spells              Type           Power        Failure   Level  Hunger
a - Magic Dart            Conj           ####         1%          1    None
b - Call Imp              Summ           ####....     1%          2    None
c - Mephitic Cloud        Conj/Pois/Air  ####....     6%          3    None
d - Conjure Flame         Conj/Fire      #####...     1%          3    None
e - Dazzling Spray        Conj/Hex       ####..       1%          3    None
f - Repel Missiles        Chrm/Air       ###...       4%          2    None
g - Confusing Touch       Hex            #####.       1%          1    None
h - Inner Flame           Hex/Fire       #####...     1%          3    None
i - Tukima's Dance        Hex            #####...     1%          3    None
j - Throw Flame           Conj/Fire      #####.       1%          2    None


Dungeon Overview and Level Annotations

Branches:
Dungeon (9/15)             Temple (1/1) D:5            Lair (1/6) D:8
    Orc (1/2) D:9

Altars:
Ashenzari
Cheibriados
Dithmenos
Elyvilon
Fedhas
Gozag
Hepliaklqana
Kikubaaqudgha
Makhleb
Nemelex Xobeh
Okawaru
Qazlal
Ru
Sif Muna
Trog
Uskayaw
Vehumet
Xom
Yredelemnul
Zin
The Shining One

Shops:
D:7 (   D:8 ?

Annotations:
Orc:1 Mandevil's ghost, journeyman DENe


Innate Abilities, Weirdness & Mutations

You can breathe blasts of scalding, opaque steam.
Your pale cyan-grey scales are hard. (AC +7)
You cannot fit into any form of body armour.
You are cold-blooded and may be slowed by cold attacks.


Message History

Mandevil's ghost misses you.
Your shadow imp hits Mandevil's ghost.
You closely miss Mandevil's ghost.
Mandevil's ghost is severely damaged.
You feel sick. Mandevil's ghost casts a spell at you.
You are frozen.
Your shadow imp misses Mandevil's ghost.
You miss Mandevil's ghost.
Mandevil's ghost is severely damaged.
You feel sick.
Your crimson imp blinks!
You barely miss Mandevil's ghost.
Mandevil's ghost is severely damaged.
You feel sick. Mandevil's ghost closely misses you.
Your shadow imp closely misses Mandevil's ghost.
You barely miss Mandevil's ghost.
Mandevil's ghost is severely damaged.
Mandevil's ghost points at you and mumbles some strange words.
The freezing blast hits you!
You die...

**,,***,** *,,,,*,,,*
**,,,,,,,* **,,,,,,*
**,*,,,* *,,,,,,##*
*### **.#..##.##
##..##
*#.......####....#
*#...#...##@...#*
#.......#W....#
*#...#.$ยง.5...# *
##............# ****
##.........$..##
,*,*##........<>....#
*,,,#...............#
,,,..#..............#
,,o.................#


You could see Mandevil's ghost and a friendly shadow imp.

Vanquished Creatures
  Erolcha (D:9)
  The ghost of TheSquall the Fencer, a novice MiFi of Okawaru (D:5)
  The ghost of Angani the Slicer, a novice KoHu of Okawaru (D:7)
  An ugly thing (D:5)
  A spiny frog (Lair:1)
  2 trolls
  A two-headed ogre (D:5)
  A hippogriff (D:9)
  A hungry ghost (D:9)
  Menkaure (D:5)
  A water moccasin (Lair:1)
  An orc warrior (D:8)
  A necrophage (D:8)
  An ice beast (D:9)
  2 sky beasts
  2 phantoms
  3 ogres
  The ghost of ImaNewbie the Conjurer, an amateur DrWz (D:3)
  2 centaurs
  A bullfrog (D:8)
  A gnoll sergeant (D:9)
  A wyvern zombie (D:8)
  3 killer bees (D:8)
  A wight (D:9)
  3 howler monkeys
  3 crimson imps
  A centaur zombie (D:4)
  4 orc priests
  A jelly (D:6)
  A bullfrog zombie (D:9)
  2 bullfrog skeletons
  5 hounds
  4 orc wizards
  Ijyb (D:3)
  5 iguanas
  5 worker ants
  A hound skeleton (D:8)
  2 hound zombies (D:8)
  2 gnolls (D:7)
  8 adders
  An ooze (D:2)
  2 adder skeletons
  2 worms
  3 leopard geckos
  17 orcs
  A ball python (D:4)
  6 giant cockroaches
  9 hobgoblins
  3 jackals (D:6)
  3 quokkas
  7 bats
  4 frilled lizards
  4 goblins
  A jackal skeleton (D:7)
  5 kobolds
  A leopard gecko skeleton (D:4)
  A quokka skeleton (D:4)
  7 rats
  3 fungi (D:8)
160 creatures vanquished.

Vanquished Creatures (collateral kills)
  A hippogriff (D:8)
  A soldier ant (D:9)
  2 orc warriors
  A phantom (D:4)
  A bullfrog (D:9)
  A crimson imp (D:9)
  2 iguanas
  3 worker ants
  2 gnolls (D:7)
  A shadow imp (D:8)
  An orc (D:7)
  A quokka (D:4)
  A rat (D:3)
18 creatures vanquished.

Vanquished Creatures (others)
  A dancing weapon (D:9)
  4 fungi (D:8)
5 creatures vanquished.

Grand Total: 183 creatures vanquished

Notes
Turn   | Place    | Note
-------+----------+-------------------------------------------
     0 | D:1      | ImaNewbie the Draconian Wizard began the quest for the Orb.
     0 | D:1      | Reached XP level 1. HP: 14/14 MP: 4/4
   707 | D:1      | Reached XP level 2. HP: 18/20 MP: 6/6
  1021 | D:2      | Learned a level 2 spell: Call Imp
  1031 | D:2      | Found a faded altar of an unknown god.
  1138 | D:2      | Found a shattered altar of Ashenzari.
  1441 | D:2      | Reached XP level 3. HP: 19/26 MP: 7/7
  1936 | D:3      | Noticed ImaNewbie's ghost (amateur DrWz)
  1960 | D:3      | Killed ImaNewbie's ghost
  1960 | D:3      | Reached XP level 4. HP: 18/33 MP: 1/8
  2117 | D:3      | Noticed Ijyb
  2130 | D:3      | Killed Ijyb
  2210 | D:3      | Found a blossoming altar of Fedhas.
  2669 | D:3      | Reached XP level 5. HP: 38/38 MP: 1/9
  3128 | D:4      | Learned a level 3 spell: Mephitic Cloud
  3360 | D:4      | Found a snail-covered altar of Cheibriados.
  3557 | D:4      | Reached XP level 6. HP: 41/45 MP: 7/10
  4215 | D:4      | Reached skill level 5 in Conjurations
  4816 | D:5      | Entered Level 5 of the Dungeon
  4817 | D:5      | Found a staircase to the Ecumenical Temple.
  4823 | Temple   | Entered the Ecumenical Temple
  5256 | D:5      | Noticed TheSquall's ghost (novice MiFi)
  5523 | D:5      | Your scales start taking on a pale cyan-grey colour.
  5523 | D:5      | Reached XP level 7. HP: 50/50 MP: 3/11
  5615 | D:5      | Found a shadowy altar of Dithmenos.
  5673 | D:5      | Noticed a two-headed ogre
  5689 | D:5      | Killed a two-headed ogre
  6300 | D:5      | Noticed Menkaure
  6313 | D:5      | Killed Menkaure
  6965 | D:6      | Reached skill level 5 in Air Magic
  7026 | D:6      | Noticed a purple ugly thing
  7239 | D:6      | Found a sparkling altar of Nemelex Xobeh.
  7492 | D:6      | Reached XP level 8. HP: 55/57 MP: 12/12
  7502 | D:6      | Learned a level 3 spell: Conjure Flame
  7518 | D:6      | Found a burning altar of Makhleb.
  7641 | D:6      | Reached skill level 1 in Fire Magic
  7991 | D:7      | Found a white marble altar of Elyvilon.
  8003 | D:7      | Found a shimmering altar of Xom.
  8116 | D:7      | Noticed Angani's ghost (novice KoHu)
  8195 | D:7      | Killed Angani's ghost
  8336 | D:7      | Reached skill level 1 in Fighting
  8465 | D:7      | Found a basalt altar of Yredelemnul.
  8504 | D:7      | Found Yggass's Antique Weapon Shoppe.
  8984 | D:8      | Noticed a hippogriff
  9186 | D:8      | Found a staircase to the Lair.
  9263 | D:8      | Identified the Collected Works on Bewitchment and Heat
  9283 | D:8      | Reached XP level 9. HP: 65/68 MP: 13/15
  9288 | D:8      | Learned a level 3 spell: Dazzling Spray
  9338 | D:8      | Found a radiant altar of Vehumet.
  9338 | D:8      | Found a sacrificial altar of Ru.
  9342 | D:8      | Became a worshipper of Vehumet
  9647 | D:8      | Found Dawnukk's Magic Scroll Shoppe.
  9670 | D:8      | Reached skill level 5 in Spellcasting
  9717 | D:8      | Reached * piety under Vehumet
  9717 | D:8      | Offered knowledge of Freeze by Vehumet.
  9875 | D:8      | Reached skill level 5 in Fighting
 10004 | D:8      | Learned a level 1 spell: Confusing Touch
 10171 | D:5      | Killed a purple ugly thing
 10296 | D:5      | Killed TheSquall's ghost
 10585 | D:9      | Reached XP level 10. HP: 86/86 MP: 20/20
 10702 | D:9      | Found a hide-covered altar of Uskayaw.
 10725 | D:9      | Noticed Erolcha
 10741 | D:9      | Learned a level 2 spell: Repel Missiles
 11098 | D:9      | Learned a level 3 spell: Inner Flame
 11102 | D:9      | Learned a level 3 spell: Tukima's Dance
 11177 | D:9      | Found a staircase to the Orcish Mines.
 11345 | D:9      | Reached skill level 1 in Hexes
 11747 | D:9      | Killed Erolcha
 12163 | D:9      | Reached skill level 5 in Hexes
 12351 | Lair:1   | Entered Level 1 of the Lair of Beasts
 12415 | Lair:1   | Noticed a spiny frog
 12430 | Lair:1   | Killed a spiny frog
 12438 | Lair:1   | Offered knowledge of Throw Flame by Vehumet.
 12442 | Lair:1   | Learned a level 2 spell: Throw Flame
 12472 | Lair:1   | Noticed a spiny frog
 12523 | D:8      | Reached ** piety under Vehumet
 12561 | Orc:1    | Entered Level 1 of the Orcish Mines
 12584 | Orc:1    | Noticed Mandevil's ghost (journeyman DENe)
 12704 | Orc:1    | Killed from afar by Mandevil's ghost

Skill      XL: |  1  2  3  4  5  6  7  8  9 10 |
---------------+-------------------------------+-----
Conjurations   | 2 3 5 |  5.8
Summonings     | 3 4 |  4.6
Air Magic      | 5 6 |  6.0
Fire Magic     | 6 |  6.6
Fighting       | 2 7 |  7.1
Spellcasting   | 4 6 7 |  7.1
Hexes          | 6 |  6.4
Dodging        | |  1.7
Stealth        | |  1.7
Translocations | |  1.0

Action                   |  1- 3 |  4- 6 |  7- 9 | 10-12 || total
-------------------------+-------+-------+-------+-------++-------
Melee: Spear             |    20 |       |       |       ||    20
       Short sword       |    94 |    83 |   210 |   163 ||   550
       Tailslap          |     8 |     9 |    25 |    14 ||    56
 Cast: Magic Dart        |    11 |   123 |   145 |    49 ||   328
       Call Imp          |     3 |     8 |    47 |    26 ||    84
       Mephitic Cloud    |       |       |    10 |     1 ||    11
       Conjure Flame     |       |       |     7 |       ||     7
       Dazzling Spray    |       |       |     2 |    19 ||    21
       Confusing Touch   |       |       |     2 |       ||     2
       Throw Flame       |       |       |       |    20 ||    20
       Tukima's Dance    |       |       |       |     3 ||     3
       Repel Missiles    |       |       |       |     1 ||     1
       Inner Flame       |       |       |       |     1 ||     1
 Abil: Breathe Steam     |       |       |    15 |    15 ||    30
  Use: Scroll            |       |    17 |     5 |     2 ||    24
 Stab: Sleeping          |     3 |     1 |       |       ||     4
       Distracted        |     1 |       |     2 |     2 ||     5
       Confused          |       |       |     3 |       ||     3
       Invisible         |       |       |       |     2 ||     2
  Eat: Chunk             |     3 |    11 |    18 |    22 ||    54
       Meat ration       |       |       |     1 |       ||     1
       Pizza             |       |       |       |     1 ||     1
Armor: Skin              |    37 |    37 |    57 |    69 ||   200
Dodge: Dodged            |    63 |    52 |   121 |    73 ||   309
       Deflected         |       |       |       |     5 ||     5
Block: Shield            |       |       |       |     6 ||     6
